 Dungeon Crawl Stone Soup version 0.18-a0-329-g5b4d444 (webtiles) character file.

5531 Proton the Blocker (level 11, -1/87 HPs)
             Began as a Formicid Fighter on Nov 28, 2015.
             Was an Elder of Cheibriados.
             Slain by Arkorax's ghost (8 damage)
             ... on level 9 of the Dungeon.
             The game lasted 00:13:05 (6415 turns).

Proton the Blocker (Formicid Fighter)               Turns: 6415, Time: 00:13:05

Health: -1/87      AC: 10    Str: 40    XL:     11   Next: 1%
Magic:  5/17       EV: 15    Int: 18    God:    Cheibriados [****..]
Gold:   380        SH: 14    Dex: 20    Spells: 0 memorised, 10 levels left

rFire  . . .     SeeInvis +     a - +0 war axe
rCold  + . .     Clarity  .     b - +0 scale mail
rNeg   . . .     SustAt   .     c - +0 shield
rPois  +         Gourm    .     (helmet unavailable)
rElec  .         Spirit   .     (no cloak)
rCorr  .         Warding  .     z - +2 pair of gloves
rMut   .         Stasis   +     y - +0 pair of boots
MR     +....                    (no amulet)
Stlth  ..........               (no ring)
                                h - +4 ring of strength

@: drained, very slow, somewhat resistant to hostile enchantments, extremely
unstealthy
A: permanent stasis, dig shafts and tunnels, four strong arms, antennae 3,
hooves 1, blurry vision 1, cold resistance 1, deformed body, sense surroundings
1, poison resistance, shaggy fur 1, spit poison 1, strong 1, sturdy frame 1
a: Dig, Shaft Self, Spit Poison, Bend Time, Temporal Distortion, Slouch,
Renounce Religion


You were on level 9 of the Dungeon.
You worshipped Cheibriados.
Cheibriados was greatly pleased with you.
You were not hungry.

You visited 2 branches of the dungeon, and saw 10 of its levels.

You collected 380 gold pieces.

Inventory:

Hand Weapons
 a - a +0 war axe (weapon)
Armour
 b - a +0 scale mail (worn)
 c - a +0 shield (worn)
 y - a +0 pair of boots (worn)
 z - a +2 pair of gloves (worn)
Jewellery
 h - a +4 ring of strength (left hand)
 n - an uncursed ring of fire
 B - an uncursed amulet of resist mutation
Wands
 A - a wand of fireball (6)
 D - a wand of disintegration (6)
Scrolls
 f - a scroll of acquirement {unknown}
 i - 3 scrolls of amnesia {unknown}
 j - a scroll of blinking {unknown}
 k - 2 scrolls of teleportation {unknown}
 l - a scroll of fog
 m - 4 scrolls of recharging {unknown}
 p - 2 scrolls of magic mapping {unknown}
 q - 3 scrolls of remove curse {unknown}
 r - 2 scrolls of fear {unknown}
 s - a scroll of immolation {unknown}
 v - 2 scrolls of silence
Potions
 d - 2 potions of might
 g - 2 potions of agility
 o - 5 potions of flight
 t - a potion of ambrosia
 u - 3 potions of curing
 x - a potion of magic
Comestibles
 e - 6 bread rations
 w - 5 fruits
 C - 10 slices of pizza


   Skills:
 + Level 8.3(7.1) Fighting
 + Level 7.5(6.3) Axes
 + Level 8.6(7.3) Armour
 + Level 6.5(5.3) Dodging
 + Level 9.3(8.0) Shields
 + Level 8.0(6.8) Invocations


You had 10 spell levels left.
You didn't know any spells.

Dungeon Overview and Level Annotations

Branches:
Dungeon (9/15)             Temple (1/1) D:6            Lair (0/8) D:8
    Orc: D:9-12

Altars:
Cheibriados
Dithmenos
Elyvilon
Fedhas
Nemelex Xobeh
Okawaru
Sif Muna
Vehumet
The Shining One

Annotations:
D:9 Arkorax's ghost, novice DrMo


Innate Abilities, Weirdness & Mutations

You are under a permanent stasis effect.
You can dig through walls and to a lower floor.
Your four strong arms can wield two-handed weapons with a shield.
You have a pair of large antennae on your head (SInv).
You have large cloven feet.
Scrolls take you a little longer to read.
Your flesh is cold resistant.
Armour fits poorly on your strangely shaped body.
You passively map a small area around you.
Your system is resistant to poisons.
You are covered in fur (AC +1).
You can spit weak poison.
Your muscles are strong. (Str +2)
Your movements are slightly less encumbered by armour (ER -2).


Message History

Arkorax's ghost is severely damaged.
Arkorax's ghost screams, "I'll kill anyone who wants the ORB!"
Arkorax's ghost closely misses you.
You closely miss Arkorax's ghost.
Arkorax's ghost is severely damaged.
Arkorax's ghost breathes negative energy at you.
The bolt of negative energy hits you!
You feel drained.
* * * LOW HITPOINT WARNING * * *
You can feel time thicken for a moment.
You feel somewhat more hungry.
You can no longer step out of the time flow.
Cheibriados reduces the support of your attributes as your movement quickens.
Arkorax's ghost is no longer moving slowly.
You fail to use your ability.
Arkorax's ghost barely misses you.
You hit Arkorax's ghost.
Arkorax's ghost is severely damaged.
Arkorax's ghost hits you but does no damage.
You slash Arkorax's ghost!
Arkorax's ghost is almost destroyed.
Arkorax's ghost hits you!
You die...

#..#.........# ,.... *
#..#.........#*..<...
#..#.........##......
#..#.(...............
#..#........##.......
*,
#..#........##...##..,
#...........##...# *
#.....####.W##...#*
,,# #.###.# #.@##..W#
..# #.# #.#
#))##(..##...# , #.#
#.# #..##.)......#*
#.# #.# #....<.......#
#.# #.#
#...#...###.... #.#
#.# #...#...# [.. #.#
#.# #...#...# * . #.#
* ** #...#..># * , ###
#...#...# *, , ,


You could see Arkorax's ghost.

Vanquished Creatures
  Pikel (D:6)
  Psyche (D:8)
  Grinder (D:4)
  A water moccasin (D:7)
  A black bear (D:7)
  6 orc warriors
  3 centaurs
  An ice beast (D:9)
  6 sky beasts
  2 slaves (D:6)
  A crocodile (D:9)
  5 ogres
  A gnoll sergeant (D:6)
  4 giant frogs
  7 scorpions (D:8)
  A quasit (D:8)
  A crimson imp (D:3)
  A giant frog zombie (D:5)
  A hound (D:7)
  A giant frog skeleton (D:6)
  2 iguanas
  11 orc priests
  A jelly (D:5)
  4 orc wizards
  Jessica (D:3)
  Terence (D:3)
  4 worker ants
  A hound skeleton (D:6)
  A worker ant zombie (D:7)
  15 adders
  3 gnolls (D:6)
  2 shadow imps
  An adder zombie (D:7)
  5 worms
  2 giant geckos
  44 orcs
  2 giant cockroaches
  6 goblins
  7 hobgoblins
  15 jackals
  6 kobolds
  4 quokkas
  A ball python (D:3)
  11 bats
  A giant gecko skeleton (D:7)
  4 giant newts
  4 rats
  A fungus (D:8)
206 creatures vanquished.

Vanquished Creatures (others)
  A slave (D:6)
  A hound (D:6)
  A fungus (D:8)
3 creatures vanquished.

Grand Total: 209 creatures vanquished

Notes
Turn   | Place    | Note
--------------------------------------------------------------
     0 | D:1      | Proton the Formicid Fighter began the quest for the Orb.
     0 | D:1      | Reached XP level 1. HP: 18/18 MP: 1/1
   223 | D:1      | Reached XP level 2. HP: 24/24 MP: 2/2
   671 | D:2      | Reached skill level 1 in Dodging
   671 | D:2      | Reached XP level 3. HP: 24/29 MP: 3/3
   750 | D:2      | Reached skill level 4 in Shields
   750 | D:2      | Reached XP level 4. HP: 27/36 MP: 4/4
  1175 | D:3      | Noticed Terence
  1181 | D:3      | Killed Terence
  1181 | D:3      | Reached XP level 5. HP: 40/42 MP: 5/5
  1365 | D:3      | Found a snail-covered altar of Cheibriados.
  1365 | D:3      | Noticed an ogre
  1374 | D:3      | Killed an ogre
  1374 | D:3      | Reached XP level 6. HP: 20/48 MP: 6/6
  1385 | D:3      | Became a worshipper of Cheibriados the Contemplative
  1447 | D:3      | Noticed Jessica
  1460 | D:3      | Killed Jessica
  1499 | D:3      | Reached skill level 5 in Shields
  1535 | D:3      | Reached skill level 1 in Invocations
  1550 | D:3      | Noticed a hill giant
  1682 | D:4      | Noticed Grinder
  1918 | D:4      | Killed Grinder
  1918 | D:4      | Reached XP level 7. HP: 40/55 MP: 6/8
  2117 | D:4      | Reached * piety under Cheibriados
  2369 | D:4      | Found an iron altar of Okawaru.
  2369 | D:4      | Found a radiant altar of Vehumet.
  2578 | D:5      | Entered Level 5 of the Dungeon
  2597 | D:5      | Reached skill level 7 in Fighting
  2597 | D:5      | Reached skill level 5 in Dodging
  2597 | D:5      | Reached skill level 8 in Shields
  2597 | D:5      | Reached XP level 8. HP: 61/67 MP: 8/12
  2627 | D:5      | Gained mutation: Your flesh is cold resistant. [mutagenic meat]
  2628 | D:5      | Gained mutation: Your movements are slightly less encumbered by armour (ER -2). [mutagenic meat]
  2629 | D:5      | Gained mutation: You can spit weak poison. [mutagenic meat]
  2630 | D:5      | Gained mutation: You have large cloven feet. [mutagenic meat]
  2631 | D:5      | Lost mutation: You have large cloven feet. [mutagenic meat]
  2781 | D:5      | Found a deep blue altar of Sif Muna.
  2784 | D:5      | Found a blossoming altar of Fedhas.
  2787 | D:5      | Found a white marble altar of Elyvilon.
  2850 | D:5      | Reached ** piety under Cheibriados
  2850 | D:5      | Reached XP level 9. HP: 64/72 MP: 13/13
  3029 | D:6      | Gained mutation: You have large cloven feet. [mutagenic meat]
  3030 | D:6      | Gained mutation: Scrolls take you a little longer to read. [mutagenic meat]
  3031 | D:6      | Gained mutation: You passively map a small area around you. [mutagenic meat]
  3032 | D:6      | Gained mutation: Your body sometimes deteriorates upon taking damage. [mutagenic meat]
  3033 | D:6      | Lost mutation: Your body sometimes deteriorates upon taking damage. [mutagenic meat]
  3034 | D:6      | Gained mutation: Your muscles are strong. (Str +2) [mutagenic meat]
  3382 | D:6      | Found a staircase to the Ecumenical Temple.
  3418 | D:6      | Noticed Pikel
  3444 | D:6      | You fall through a shaft for 2 floors!
  3444 | D:8      | Found a staircase to the Lair.
  3796 | D:8      | Reached *** piety under Cheibriados
  4131 | D:7      | Reached XP level 10. HP: 80/80 MP: 15/15
  4353 | D:7      | Reached **** piety under Cheibriados
  4593 | D:6      | Killed Pikel
  4593 | D:6      | Reached skill level 9 in Shields
  5146 | Temple   | Entered the Ecumenical Temple
  5436 | D:7      | Gained mutation: Your system is resistant to poisons. [mutagenic meat]
  5437 | D:7      | Gained mutation: You are covered in fur (AC +1). [mutagenic meat]
  5862 | D:8      | Reached ***** piety under Cheibriados
  5998 | D:8      | Noticed Psyche
  6005 | D:8      | Killed Psyche
  6112 | D:8      | Found a shadowy altar of Dithmenos.
  6183 | D:8      | Gained mutation: Armour fits poorly on your strangely shaped body. [mutagenic meat]
  6326 | D:9      | Noticed Arkorax's ghost (novice DrMo)
  6346 | D:9      | Reached XP level 11. HP: 83/87 MP: 17/17
  6415 | D:9      | Slain by Arkorax's ghost

Vault maps used:
D:1:      arrival_zaba_pyramid, nrook_mini_vaults
D:3:      old_standard_altar, grunt_decor_clamped, minmay_divided_ellipse,
          uniq_jessica, uniq_terence
D:4:      gammafunk_temple_overflow_wave, uniq_grinder
D:5:      grunt_temple_overflow_diamond, first_bread
D:6:      minmay_temple_entry_statues, minmay_misc_feat_encased, uniq_pikel
D:7:      nrook_mini_backslash
D:8:      old_forge, lair_0_dummy, grunt_pizzeria,
          nicolae_dithmenos_shadow_blocks, uniq_psyche
D:9:      tgw_trog, lemuel_flame_loot_1, uniq_erica, uniq_grum
Temple:   triangle_lava_temple_12

Action                   |  1- 3 |  4- 6 |  7- 9 | 10-12 || total
-------------------------+-------+-------+-------+-------++-------
Melee: War axe           |    55 |   174 |   219 |   178 ||   626
Invok: Slouch            |       |       |       |     2 ||     2
       Bend Time         |       |       |       |     1 ||     1
 Abil: Shaft Self        |       |       |     1 |       ||     1
  Use: Scroll            |       |       |     8 |     2 ||    10
       Potion            |       |       |     1 |       ||     1
  Eat: Bread ration      |       |     1 |     1 |       ||     2
       Chunk             |       |       |    11 |     4 ||    15
       Meat ration       |       |       |       |     1 ||     1
